 Dungeon Crawl Stone Soup version 0.25.1-2-g60ff931df9 (webtiles) character file.

Game seed: 14580189997085738361

1645 Araneus the Basher (level 8, -4/58 HPs)
             Began as a Mummy Fighter on Nov 13, 2020.
             Slain by an ogre
             ... wielding a +0 giant club
              (19 damage)
             ... on level 6 of the Dungeon.
             The game lasted 00:18:58 (7177 turns).

Araneus the Basher (Mummy Fighter)                  Turns: 7177, Time: 00:18:59

Health: -4/58      AC: 12    Str: 21    XL:     8   Next: 67%
Magic:  0/17       EV:  5    Int:  8    God:
Gold:   76         SH:  9    Dex: 11    Spells: 7/7 levels left

rFire    x . .     SeeInvis .   a - +0 flail
rCold    + . .     Gourm    .   c - +0 kite shield
rNeg     + + +     Faith    .   i - +0 chain mail
rPois    ∞         Spirit   +   (no helmet)
rElec    .         Reflect  .   n - +1 cloak
rCorr    .         Harm     .   (no gloves)
MR       +....                  m - +0 pair of boots
Stlth    ..........             l - amulet of guardian spirit
HPRegen  0.19/turn              h - ring of magical power
MPRegen  0.15/turn              (no ring)

@: no status effects
A: no food or potions, fire vulnerability, cold resistance 1, negative energy
resistance 3, torment resistance, unbreathing
a: no special abilities


You were on level 6 of the Dungeon.
You were not hungry.

You visited 2 branches of the dungeon, and saw 8 of its levels.
You also visited: Sewer.

You collected 166 gold pieces.
You spent 90 gold pieces at shops.

Inventory:

Hand Weapons
 a - a +0 flail (weapon)
Armour
 c - a +0 kite shield (worn)
 i - a +0 chain mail (worn)
 m - a +0 pair of boots (worn)
 n - a +1 cloak (worn)
Jewellery
 h - a ring of magical power (left hand)
 l - an amulet of guardian spirit (around neck)
Wands
 d - a wand of flame (16)
 j - a wand of polymorph (7)
Scrolls
 b - a scroll of enchant weapon {unknown}
 e - 4 scrolls of identify
 f - a scroll of magic mapping
 g - 3 scrolls of teleportation
 k - 7 scrolls of remove curse


   Skills:
 - Level 3.0 Fighting
 + Level 9.3 Maces & Flails
 + Level 2.6 Armour
 * Level 2.6 Shields


You had 7 spell levels left.
You didn't know any spells.
Your spell library contained the following spells:

 Spells                   Type           Power        Failure   Level  Hunger
 Animate Skeleton         Necr           N/A          100%        1    N/A
 Apportation              Tloc           #.....       100%        1    N/A
 Corona                   Hex            #......      100%        1    N/A
 Summon Small Mammal      Summ           #...         100%        1    N/A

Dungeon Overview and Level Annotations

Branches:
Dungeon (7/15)             Temple (1/1) D:5           Sewer (visited)

Altars:
Ashenzari
Cheibriados
Dithmenos
Elyvilon
Gozag
Hepliaklqana
Kikubaaqudgha
Nemelex Xobeh
Qazlal
Ru
Uskayaw
Vehumet
Wu Jian
Xom
Yredelemnul
Zin
The Shining One

Shops:
D:4 *   D:5 ?


Innate Abilities, Weirdness & Mutations

You do not eat or drink.
Your flesh is vulnerable to fire.
You are immune to poison.
Your flesh is cold resistant. (rC+)
You are immune to negative energy. (rN+++)
You are immune to unholy pain and torment.
You can survive without breathing.


Message History

You block the ogre's attack.
You barely miss the ogre.
The ogre is lightly wounded.
The ogre hits you with a +0 giant club!!
You sock the ogre!
The ogre is moderately wounded.
Your shield and chain mail prevent you from hitting the ogre.
The ogre is moderately wounded.
The ogre hits you with a +0 giant club!!
You sock the ogre!
The ogre is heavily wounded.
You block the ogre's attack.
You sock the ogre!
The ogre is almost dead.
The ogre hits you with a +0 giant club.
* * * LOW HITPOINT WARNING * * *
You closely miss the ogre.
The ogre is almost dead.
The ogre hits you with a +0 giant club!!
You die...

#.##.#..#..####.#.#####
##. #.......#..# #.#.##
#. ####....#..##
#....#######.
#........###............
#.....#.#.###...######..
#.#..##>##.###.## #.(
#.#..(.o...###.# ##.
#.#.(##O#......# #.
#!#.#.#@#<###### ##
#.#.##(....[[.#
#.#.#########.# #....#
#.# ###..# #.# ########
#..# #.# #....... #..#
#.# #.###### #..# #.#
#.# #..# #.# #.#


You could see an ogre and an orc.

Vanquished Creatures
  A sky beast (D:6)
  An ice beast (D:6)
  3 phantoms
  2 ogres (D:6)
  A centaur (D:6)
  A water moccasin skeleton (D:5)
  2 scorpions (D:6)
  3 wights (D:6)
  A crimson imp (D:5)
  4 orc priests (D:6)
  A bullfrog skeleton (D:5)
  Terence (D:3)
  5 orc wizards
  3 worker ants
  A howler monkey skeleton (D:5)
  10 adders
  3 river rats (D:5)
  2 oozes
  3 worms
  2 dart slugs
  3 leopard geckos
  14 orcs
  A bat zombie (D:4)
  6 giant cockroaches
  8 goblins
  6 hobgoblins
  6 jackals
  3 quokkas
  5 ball pythons
  9 bats
  10 frilled lizards
  A giant cockroach zombie (D:5)
  A jackal skeleton (D:4)
  A jackal zombie (D:6)
  11 kobolds
  15 rats
  A rat zombie (D:4)
151 creatures vanquished.

Notes
Turn   | Place    | Note
-------+----------+-------------------------------------------
     0 | D:1      | Araneus the Mummy Fighter began the quest for the Orb.
     0 | D:1      | Reached XP level 1. HP: 18/18 MP: 1/1
   123 | D:1      | Reached skill level 2 in Maces & Flails
   257 | D:1      | Reached XP level 2. HP: 23/24 MP: 2/2
   898 | D:2      | Reached XP level 3. HP: 27/29 MP: 3/3
   957 | D:2      | Reached skill level 3 in Maces & Flails
  1073 | D:2      | Found a hazy altar of Hepliaklqana.
  1688 | D:3      | Reached XP level 4. HP: 28/35 MP: 4/4
  1841 | D:3      | Noticed Terence
  1861 | D:3      | Killed Terence
  1978 | D:3      | Reached skill level 4 in Maces & Flails
  2365 | D:3      | Reached XP level 5. HP: 23/41 MP: 5/5
  3095 | D:4      | Found an ancient bone altar of Kikubaaqudgha.
  3157 | D:4      | Reached skill level 5 in Maces & Flails
  3227 | D:4      | Noticed a phantom
  3327 | D:4      | Found an ornate altar of the Wu Jian Council.
  3327 | D:4      | Found a shattered altar of Ashenzari.
  3379 | D:4      | Found Xuracafy's Assorted Antiques.
  3387 | D:4      | Bought a scroll labeled GOFYUT XESH for 26 gold pieces
  3387 | D:4      | Bought a scroll labeled BUAPOM UNI for 26 gold pieces
  3485 | D:5      | Entered Level 5 of the Dungeon
  3563 | D:5      | Reached XP level 6. HP: 47/47 MP: 6/6
  3590 | D:5      | Found a glowing drain.
  3626 | Sewer    | Entered a sewer
  3804 | Sewer    | Noticed Purgy
  4041 | D:5      | Reached skill level 6 in Maces & Flails
  4148 | D:5      | Found a staircase to the Ecumenical Temple.
  4159 | Temple   | Entered the Ecumenical Temple
  4343 | D:5      | Found Giob Mirch's Magic Scroll Shoppe.
  4346 | D:5      | Bought a scroll of magic mapping for 38 gold pieces
  4437 | D:5      | Reached XP level 7. HP: 45/52 MP: 7/7
  4522 | D:5      | Found a radiant altar of Vehumet.
  4523 | D:5      | Found a glowing silver altar of Zin.
  5285 | D:6      | Reached skill level 7 in Maces & Flails
  5742 | D:6      | Reached skill level 8 in Maces & Flails
  5742 | D:6      | Reached XP level 8. HP: 36/58 MP: 8/8
  6395 | D:6      | Found a hide-covered altar of Uskayaw.
  6511 | D:6      | Found an opulent altar of Gozag.
  6533 | D:6      | Reached skill level 9 in Maces & Flails
  7177 | D:6      | Slain by an ogre

Illustrated notes

Levels and vault maps discovered:
D:1:      lightli_arrival_quake, layout_loops_ring
D:2:      layout_basic, lemuel_round_altar, minivault_4
D:3:      layout_loops_ring, uniq_terence
D:4:      layout_loops_ring, lemuel_zombie_altar_kikubaaqudgha,
          gammafunk_temple_overflow_elements, serial_shops, kennysheep_mini_moat
D:5:      layout_basic, chequers_temple_overflow_statue_of_worship,
          minmay_temple_entry_glassed_door, portal_sewer_entry_e, first_ration,
          serial_shops, kennysheep_mini, kennysheep_windowed_goal
D:6:      layout_loops_ring, marbit_many_paths, basic_altar
D:7:      layout_loops_cross, gup_ossuary_entry_pyramid,
          hangedman_abyss_or_decor_jellyfish_corner
Temple:   eino_temple_lava

Skill      XL: |  1  2  3  4  5  6  7  8 |
---------------+-------------------------+-----
Maces & Flails | 2 3 4 5 6 8 9 |  9.3
Fighting       | |  3.0
Armour         | |  2.6
Shields        | |  2.6

Action                   |  1- 3 |  4- 6 |  7- 9 || total
-------------------------+-------+-------+-------++-------
Melee: Flail             |   152 |   400 |   194 ||   746
  Use: Scroll            |       |     9 |     2 ||    11
Armor: Scale mail        |    80 |   173 |    40 ||   293
       Chain mail        |       |       |    26 ||    26
Dodge: Dodged            |    53 |   116 |    31 ||   200
Block: Kite shield       |    87 |   178 |    59 ||   324
